 Dungeon Sprint DCSS version 0.16-a0-3803-gd4b2de5 (webtiles) character file.

1463 PolkaDot the Grappler (level 8, -3/80 HPs)
             Began as a Yellow Draconian Transmuter on Jan 26, 2015.
             Was a Believer of Sif Muna.
             Slain by a centaur warrior (12 damage)
             ... in the Dungeon (Sprint I: "Red Sonja").
             The game lasted 00:06:34 (2310 turns).

PolkaDot the Grappler (Yellow Draconian Transmuter) Turns: 2310, Time: 00:06:35

Health: -3/80      AC:  7    Str: 13    XL:     8   Next: 48%
Magic:  13/13      EV: 12    Int: 15    God:    Sif Muna [**....]
Gold:   572        SH:  0    Dex: 16    Spells: 2 memorised, 5 levels left

rFire  . . .     SeeInvis .       - Unarmed
rCold  . . .     Clarity  .     (armour unavailable)
rNeg   . . .     SustAb   .     (no shield)
rPois  .         Gourm    .     (helmet restricted)
rElec  .         Spirit   .     (no cloak)
rCorr  +         Warding  .     (no gloves)
rMut   .         NoTele   +     f - +0 pair of boots of Incorporation {Dex+4 Slay+2}
MR     .....                    (no amulet)
Stlth  +.........               (no ring)
                                (no ring)

@: very slightly contaminated, hasted, very quick, not resistant to hostile
enchantments, very unstealthy
A: spit acid, acid resistance, unfitting armour, cold-blooded, AC +6
a: Spit Acid, Channel Energy, Forget Spell, Renounce Religion


You were in the Dungeon.
You worshipped Sif Muna.
Sif Muna was pleased with you.
You were near starving.

You visited 1 branch You collected 855 gold pieces.
You spent 283 gold pieces at shops.

Inventory:

Missiles
 b - 12 arrows
Armour
 f - the +0 pair of boots of Incorporation (worn) {Dex+4 Slay+2}
   (You bought it in a shop in the Dungeon)

   It affects your dexterity (+4).
   It affects your accuracy and damage with ranged weapons and melee attacks
   (+2).
Magical devices
 k - a wand of enslavement (0)
Scrolls
 a - a scroll of remove curse {unknown}
 c - 2 scrolls of identify {unknown}
 j - a scroll of blinking
Potions
 e - 3 potions of curing
 h - 2 potions of magic
 i - a potion of berserk rage
Books
 d - a book of Changes

   Spells                             Type                      Level
   a - Beastly Appendage              Transmutation                1
   b - Sticks to Snakes               Transmutation                2
   c - Spider Form                    Transmutation/Poison         3
   d - Ice Form                       Ice/Transmutation            4
   e - Blade Hands                    Transmutation                5


   Skills:
 + Level 10.4 Fighting
 - Level 1.7 Dodging
 * Level 12.8 Unarmed Combat
 - Level 2.0 Spellcasting
 + Level 10.6 Transmutations


You had 5 spell levels left.
You knew the following spells:

 Your Spells              Type           Power        Failure   Level  Hunger
a - Beastly Appendage     Trmt           ####..       1%          1    #......
b - Blade Hands           Trmt           ####......   10%         5    ######.


Dungeon Overview and Level Annotations

Branches:
Dungeon (1/1)

Altars:
Cheibriados
Dithmenos
Elyvilon
Fedhas
Gozag
Kikubaaqudgha
Makhleb
Nemelex Xobeh
Okawaru
Qazlal
Ru
Sif Muna
Trog
Vehumet
Xom
Yredelemnul
Zin
The Shining One
Jiyva

Shops:
D :}[


Innate Abilities, Weirdness & Mutations

You can spit globs of acid.
You can corrode armour when you spit acid.
You are resistant to acid.
Your golden yellow scales are hard (AC +6).
Your body does not fit into most forms of armour.
Your cold-blooded metabolism reacts poorly to cold.


Message History

* * * LOW HITPOINT WARNING * * *
The centaur warrior hits you!
* * * LOW HITPOINT WARNING * * *
Drink which item? (? for menu, Esc to quit)
You feel better. The centaur warrior hits you.
* * * LOW HITPOINT WARNING * * *
The centaur warrior hits you.
* * * LOW HITPOINT WARNING * * *
Drink which item? (? for menu, Esc to quit)
You're too hungry to go berserk.
Drink which item? (? for menu, Esc to quit)
You feel yourself speed up.
The centaur warrior hits you but does no damage.
The centaur warrior hits you!
* * * LOW HITPOINT WARNING * * *
The centaur warrior closely misses you. x2
You are very lightly contaminated with residual magic.
Drink which item? (? for menu, Esc to quit)
You feel better. The centaur warrior hits you!
You die...

#######################
#..').#.)'..#__#.)')..#
').#..'..#..'..'..#...#
#####'#####'#__####...+
####..#...#.####§§#####
#__####..##.#≈§§§§#
#_..__##'#..+§≈§c§+
#_.∩...'((._#≈≈§@c#
#_..._##_(#'##'####
#_____###(#(#§..(###
#########(####'###.##
.......'.).'.....'(∩#
++++####...##########
###.### #.#'#.# #.....#


You could see 2 centaur warriors.

Vanquished Creatures
  A deep troll (D)
  A kobold demonologist (D)
  Sonja (D)
  A slime creature (D)
  A yak (D)
  An ogre (D)
  Sigmund (D)
  A jelly (D)
  Ijyb (D)
  A giant eyeball (D)
  A ballistomycete (D)
11 creatures vanquished.

Vanquished Creatures (others)
  A gargoyle (D)
  A kobold demonologist (D)
  2 giant spores (D)
4 creatures vanquished.

Grand Total: 15 creatures vanquished

Notes
Turn   | Place    | Note
--------------------------------------------------------------
     0 | D        | PolkaDot, the Draconian Transmuter, began the quest for the Orb.
     0 | D        | Reached XP level 1. HP: 16/16 MP: 3/3
     2 | D        | Noticed Ijyb
    20 | D        | Killed Ijyb
    20 | D        | Reached skill level 4 in Unarmed Combat
    20 | D        | Reached XP level 2. HP: 2/25 MP: 4/4
   301 | D        | Noticed an ogre
   310 | D        | Killed an ogre
   310 | D        | Reached skill level 6 in Unarmed Combat
   310 | D        | Reached XP level 3. HP: 14/34 MP: 4/6
   310 | D        | Reached XP level 4. HP: 16/41 MP: 4/7
   312 | D        | Killed a gargoyle
   512 | D        | Noticed Sigmund
   528 | D        | Killed Sigmund
   528 | D        | Reached skill level 5 in Fighting
   528 | D        | Reached skill level 8 in Unarmed Combat
   528 | D        | Reached skill level 5 in Transmutations
   528 | D        | Reached XP level 5. HP: 25/50 MP: 9/9
   692 | D        | Found a snail-covered altar of Cheibriados.
   692 | D        | Found a viscous altar of Jiyva.
   692 | D        | Found a shadowy altar of Dithmenos.
   692 | D        | Found a blossoming altar of Fedhas.
   692 | D        | Noticed a slime creature
   706 | D        | Killed a slime creature
   706 | D        | Reached skill level 10 in Unarmed Combat
   706 | D        | Reached XP level 6. HP: 6/60 MP: 10/10
   973 | D        | Found a deep blue altar of Sif Muna.
   974 | D        | Noticed a jelly
   975 | D        | Found a radiant altar of Vehumet.
   981 | D        | Killed a jelly
   992 | D        | Became a worshipper of Sif Muna the Loreminder
  1018 | D        | Learned a level 5 spell: Blade Hands
  1061 | D        | Found Ocyarph's Gadget Emporium.
  1061 | D        | Found a white marble altar of Elyvilon.
  1061 | D        | Found a stormy altar of Qazlal.
  1061 | D        | Found a burning altar of Makhleb.
  1061 | D        | Found a sacrificial altar of Ru.
  1061 | D        | Found a basalt altar of Yredelemnul.
  1061 | D        | Found a glowing golden altar of the Shining One.
  1061 | D        | Found a sparkling altar of Nemelex Xobeh.
  1061 | D        | Found a shimmering altar of Xom.
  1061 | D        | Found an opulent altar of Gozag.
  1061 | D        | Found an ancient bone altar of Kikubaaqudgha.
  1061 | D        | Found a glowing silver altar of Zin.
  1061 | D        | Noticed a yak
  1072 | D        | Killed a yak
  1072 | D        | Your scales start taking on a golden yellow colour.
  1072 | D        | Reached XP level 7. HP: 50/68 MP: 12/12
  1073 | D        | Found an iron altar of Okawaru.
  1157 | D        | Found a bloodstained altar of Trog.
  1193 | D        | Noticed a kobold demonologist
  1194 | D        | Noticed a kobold demonologist
  1198 | D        | Noticed a red devil
  1200 | D        | Noticed a red devil
  1208 | D        | a kobold demonologist (ally) was killed
  1209 | D        | Noticed a soul eater
  1213 | D        | Killed a kobold demonologist
  1213 | D        | Acquired Sif Muna's first power
  1213 | D        | Reached skill level 11 in Unarmed Combat
  1213 | D        | Paralysed by a giant eyeball for 4 turns
  1386 | D        | Noticed Sonja
  1393 | D        | Killed Sonja
  2019 | D        | Found Amedec's Book Boutique.
  2040 | D        | Noticed a deep troll
  2048 | D        | Killed a deep troll
  2048 | D        | Acquired Sif Muna's second power
  2048 | D        | Reached skill level 10 in Fighting
  2048 | D        | Reached skill level 12 in Unarmed Combat
  2048 | D        | Reached skill level 10 in Transmutations
  2048 | D        | Reached XP level 8. HP: 24/80 MP: 7/13
  2059 | D        | Found Ezixkifa's Armour Emporium.
  2063 | D        | Bought the +0 pair of boots of Incorporation {Dex+4 Slay+2} for 283 gold pieces
  2305 | D        | Noticed a centaur warrior
  2305 | D        | Noticed a centaur warrior
  2309 | D        | HP: 1/80 [centaur warrior (9)]
  2310 | D        | Slain by a centaur warrior

Action                   |  1- 3 |  4- 6 |  7- 9 || total
-------------------------+-------+-------+-------++-------
Melee: Unarmed           |    25 |    31 |    17 ||    73
 Cast: Beastly Appendage |     2 |     3 |       ||     5
       Blade Hands       |       |       |     2 ||     2
Evoke: Wand              |       |       |     4 ||     4
  Use: Potion            |       |       |     5 ||     5
 Stab: Sleeping          |       |     1 |       ||     1
  Eat: Bread ration      |       |     1 |       ||     1
